 Dungeon Crawl Stone Soup version 0.29.0-4-gdea44cf6ec (webtiles) character file.

Game seed: 3628400339521886123

2883 qw the Cleaver (level 9, -7/76 (80) HPs)
             Began as a Minotaur Berserker on Sept 10, 2022.
             Was a Priest of Trog.
             Mangled by a wight
             ... wielding a +0 great sword
              (16 damage)
             ... on level 7 of the Dungeon.
             The game lasted 00:01:51 (6719 turns).

qw the Cleaver (Minotaur Berserker)                 Turns: 6719, Time: 00:01:51

HP:   -7/76 (80)    AC: 10    Str: 27    XL:     9   Next: 48%
MP:   8/8           EV:  8    Int: 10    God:    Trog [***...]
Gold: 422           SH:  4    Dex:  9    Spells: 8/8 levels left

rFire   . . .      SeeInvis +   p - +6 war axe "Aprisann" {vorpal, rC- rCorr Int+6}
rCold   x . .      Faith    .   o - +0 buckler
rNeg    . . .      Spirit   .   q - +0 chain mail
rPois   .          Reflect  .   (helmet restricted)
rElec   .          Harm     .   h - +0 cloak
rCorr   +          Rampage  .   (no gloves)
Will    .....                   (no boots)
Stlth   ..........              (no amulet)
HPRegen 0.22/turn               r - ring of see invisible
MPRegen 0.11/turn               (no ring)

@: drained
A: horns 2, retaliatory headbutt, deterioration 1, wild magic 1
a: Renounce Religion, Berserk, Trog's Hand


You were on level 7 of the Dungeon.
You worshipped Trog.
Trog was most pleased with you.
You visited 1 branch of the dungeon, and saw 8 of its levels.

You collected 422 gold pieces.


Innate Abilities, Weirdness & Mutations

You have a pair of horns on your head.
You reflexively headbutt those who attack you in melee.
Your body sometimes deteriorates upon taking damage.
Your spells are a little harder to cast, but a little more powerful.


   Skills:
 - Level 7.7 Fighting
 - Level 13.1 Axes
 - Level 1.1 Throwing
 + Level 4.6 Armour
 - Level 2.1 Dodging
 - Level 4.0 Shields


You had 8 spell levels left.
You didn't know any spells.
Your spell library was empty.

Inventory:

Hand Weapons
 d - the +9 whip of Lamip {freeze, rPois}
   (You found it on level 3 of the Dungeon)

   It freezes those it strikes, dealing additional cold damage.
   It can also slow down cold-blooded creatures.
   rPois:     It protects you from poison.
 p - the +6 war axe "Aprisann" (weapon) {vorpal, rC- rCorr Int+6}
   (You found it on level 5 of the Dungeon)

   It inflicts extra damage upon your enemies.
   Int:       It affects your intelligence (+6).
   rC:        It makes you vulnerable to cold.
   rCorr:     It protects you from acid and corrosion.
Missiles
 c - 7 boomerangs (quivered)
Armour
 h - a +0 cloak (worn)
 o - a +0 buckler (worn)
 q - a +0 chain mail (worn)
Jewellery
 r - a ring of see invisible (left hand)
Wands
 a - a wand of digging (4)
Scrolls
 i - 4 scrolls of teleportation
 j - a scroll of identify
Potions
 b - 2 potions of mutation
 e - a potion of ambrosia {unknown}
 f - 2 potions of might
 g - a potion of curing
 k - a potion of degeneration {unknown}
 m - a potion of cancellation
 n - 2 potions of heal wounds
 s - a potion of invisibility {unknown}
 u - 2 potions of resistance

Dungeon Overview and Level Annotations

Branches:
Dungeon (8/15)             Temple (0/1) D:5
   Lair: D:8-11

Altars:


Message History

You completely miss the ice beast.
The ice beast is moderately wounded.
The ice beast closely misses you.
You slash the ice beast! Your headbutt misses the ice beast.
The ice beast is severely wounded.
You hit the wight.
A wight comes into view.
It is wielding a +4 halberd of freezing.
The wight hits you but does no damage. The ice beast hits you.
The ice beast freezes you!
You feel a terrible chill!
You hit the ice beast but do no damage. Your headbutt misses the ice beast.
The ice beast is severely wounded.
You hit the wight.
A wight comes into view. It is wielding a +2 halberd.
You block the wight's attack.
The ice beast hits you but does no damage.
You slash the ice beast!
You kill the ice beast!
Trog accepts your kill.
You closely miss the wight. The wight hits you with a +3 falchion.
Your Axes skill increases to level 13!
You completely miss the wight.
The wight is severely damaged.
You slash the wight!
You destroy the wight!
Trog accepts your kill.
You closely miss the wight. You headbutt the wight!
The wight is almost destroyed.
You hit the wight.
You destroy the wight!
Trog accepts your kill.
The wight hits you from afar with a +4 halberd of freezing.
You feel drained. The wight freezes you.
You feel your intelligence returning.
You hit the wight.
The wight is moderately damaged.
The wight hits you from afar with a +4 halberd of freezing!
You feel drained. The wight freezes you!
The wight hits you with a +0 great sword!
You die...

#####+.#..... .
............
............?<..
..............5.
...........5....
#..(....... ....
##....##z##..#
..##...@)z..##
#..#...).z...#
#..#........##
##..#........#
#....#.........#
##...#..........
###...............
...##........###......
.......>..............


You could see 3 wights.

Vanquished Creatures
  Maurice (D:8)
  A wyvern (D:8)
  A steam dragon (D:8)
  Menkaure (D:4)
  2 black bears
  A sky beast (D:4)
  2 ice beasts
  A centaur (D:8)
  2 ogres
  2 lemures (D:7)
  Blork the orc (D:4)
  A gnoll sergeant (D:6)
  A necrophage (D:6)
  5 scorpions
  7 wights
  2 howler monkeys (D:6)
  An orc priest (D:5)
  3 hounds
  3 orc wizards
  3 iguanas
  5 gnolls (D:6)
  12 adders
  2 shadow imps
  A worm (D:2)
  3 dart slugs
  13 orcs
  7 ball pythons
  7 endoplasms
  4 giant cockroaches
  5 goblins
  7 hobgoblins
  2 quokkas
  5 bats
  7 kobolds
  6 rats
127 creatures vanquished.

Vanquished Creatures (others)
  A plant (D:5)
1 creature vanquished.

Grand Total: 128 creatures vanquished

Notes
Turn   | Place    | Note
-------+----------+-------------------------------------------
     0 | D:1      | qw the Minotaur Berserker began the quest for the Orb.
     0 | D:1      | Reached XP level 1. HP: 19/19 MP: 0/0
     0 | D:1      | 0 ||| qw: Version: 0.1-a-116-g5d60599
     0 | D:1      | 0 ||| qw: Game counter: 7649
     0 | D:1      | 0 ||| qw: Always use a shield: true
     0 | D:1      | 0 ||| qw: Do Orc after D:15 true
     0 | D:1      | 0 ||| qw: Do second Lair branch before Depths: true
     0 | D:1      | 0 ||| qw: Lair rune preference: random
     0 | D:1      | 0 ||| qw: Plans: Normal
     0 | D:1      | 0 ||| PLANNING D:1-11
   130 | D:1      | Reached skill level 4 in Axes
   226 | D:1      | Reached XP level 2. HP: 26/26 MP: 1/1
   309 | D:1      | Found a faded altar of an unknown god.
   313 | D:1      | 313 ||| Stepping ~*~*~tactically~*~*~ (stealth).
   314 | D:1      | 314 ||| Stepping ~*~*~tactically~*~*~ (stealth).
   326 | D:1      | 326 ||| Stepping ~*~*~tactically~*~*~ (stealth).
   328 | D:1      | 328 ||| Stepping ~*~*~tactically~*~*~ (stealth).
   329 | D:1      | 329 ||| Stepping ~*~*~tactically~*~*~ (stealth).
   528 | D:1      | 528 ||| DROPPING +0 club.
  1050 | D:1      | 1050 ||| UPGRADING to +0 scale mail.
  1060 | D:1      | 1060 ||| DROPPING +0 animal skin.
  1061 | D:1      | 1061 ||| UPGRADING to +0 cloak.
  1066 | D:1      | 1066 ||| READING scroll labelled JUNYUCHOAT.
  1067 | D:1      | 1067 ||| READING 2 scrolls labelled PAUTYO BEMNOCH.
  1068 | D:1      | 1068 ||| READING 2 scrolls labelled ULYSOKHASE.
  1069 | D:1      | 1069 ||| DRINKING 2 puce potions.
  1070 | D:1      | 1070 ||| DROPPING scroll of magic mapping.
  1396 | D:2      | Reached skill level 5 in Axes
  1396 | D:2      | Reached XP level 3. HP: 19/31 MP: 2/2
  1892 | D:2      | 1892 ||| INVOKING Berserk.
  2311 | D:2      | 2311 ||| READING 2 scrolls of identify.
  2311 | D:2      | 2311 ||| IDENTIFYING lumpy orange potion
  2346 | D:3      | 2346 ||| STAIRDANCE
  2383 | D:3      | Identified the +8 dagger "Giant's Toothpick" {holy, rN+}
  2543 | D:3      | Identified the +9 whip of Lamip {freeze, rPois}
  2545 | D:3      | 2545 ||| DROPPING +0 whip.
  2577 | D:3      | Reached skill level 6 in Axes
  2577 | D:3      | Reached XP level 4. HP: 39/39 MP: 3/3
  2633 | D:3      | Reached ** piety under Trog
  3010 | D:3      | Noticed a scorpion
  3019 | D:3      | 3019 ||| INVOKING Berserk.
  3020 | D:3      | Killed a scorpion
  3021 | D:3      | Reached skill level 7 in Axes
  3021 | D:3      | Reached XP level 5. HP: 28/45 MP: 4/4
  3029 | D:3      | HP: 11/46 [poisoned by a scorpion]
  3257 | D:3      | 3257 ||| DROPPING scarf of invisibility.
  3258 | D:3      | 3258 ||| READING scroll labelled LIKAEC PAPP.
  3359 | D:3      | 3359 ||| READING scroll labelled JOYTZATWUK.
  3360 | D:3      | 3360 ||| DRINKING 2 murky grey potions.
  3360 | D:3      | Gained mutation: Your magical capacity is low. (-10% MP)
                  | [potion of mutation]
  3360 | D:3      | Gained mutation: You do not regenerate when monsters are
                  | visible. [potion of mutation]
  3361 | D:3      | 3361 ||| DRINKING potion of mutation.
  3361 | D:3      | Lost mutation: Your magical capacity is low. (-10% MP)
                  | [potion of mutation]
  3361 | D:3      | Lost mutation: You do not regenerate when monsters are
                  | visible. [potion of mutation]
  3361 | D:3      | Gained mutation: Your spells are a little harder to cast,
                  | but a little more powerful. [potion of mutation]
  3361 | D:3      | Gained mutation: Your body sometimes deteriorates upon
                  | taking damage. [potion of mutation]
  3399 | D:4      | Noticed Blork the orc
  3400 | D:4      | 3400 ||| INVOKING Berserk.
  3401 | D:4      | Noticed Menkaure
  3407 | D:4      | Killed Blork the orc
  3413 | D:4      | 3413 ||| STAIRDANCE
  3560 | D:4      | 3560 ||| STAIRDANCE
  3565 | D:4      | 3565 ||| INVOKING Berserk.
  3567 | D:4      | Killed Menkaure
  3568 | D:4      | Reached skill level 8 in Axes
  3568 | D:4      | Reached XP level 6. HP: 43/55 MP: 5/5
  3568 | D:4      | 3568 ||| STAIRDANCE
  3717 | D:4      | 3717 ||| INVOKING Berserk.
  4030 | D:4      | Noticed a sky beast
  4037 | D:4      | Killed a sky beast
  4038 | D:4      | Reached skill level 9 in Axes
  4038 | D:4      | Reached XP level 7. HP: 52/60 MP: 6/6
  4102 | D:4      | 4102 ||| Stepping ~*~*~tactically~*~*~ (stealth).
  4122 | D:4      | 4122 ||| INVOKING Berserk.
  4288 | D:4      | 4288 ||| Stepping ~*~*~tactically~*~*~ (stealth).
  4487 | D:4      | 4487 ||| READING 3 scrolls labelled WUAGYU BORICVY.
  4490 | D:4      | 4490 ||| READING 2 scrolls labelled BACZAWNAOPE.
  4491 | D:4      | 4491 ||| DRINKING 2 clear potions.
  4492 | D:4      | 4492 ||| DRINKING 2 glowing orange potions.
  4493 | D:4      | 4493 ||| DRINKING 2 fizzy black potions.
  4494 | D:4      | 4494 ||| DROPPING scroll of vulnerability.
  4499 | D:5      | Entered Level 5 of the Dungeon
  4599 | D:5      | 4599 ||| Stepping ~*~*~tactically~*~*~ (hiding).
  4603 | D:5      | 4603 ||| Stepping ~*~*~tactically~*~*~ (hiding).
  4605 | D:5      | 4605 ||| Stepping ~*~*~tactically~*~*~ (hiding).
  4606 | D:5      | 4606 ||| Stepping ~*~*~tactically~*~*~ (hiding).
  4609 | D:5      | 4609 ||| Stepping ~*~*~tactically~*~*~ (hiding).
  4610 | D:5      | 4610 ||| Stepping ~*~*~tactically~*~*~ (hiding).
  4611 | D:5      | 4611 ||| Stepping ~*~*~tactically~*~*~ (hiding).
  4614 | D:5      | 4614 ||| INVOKING Berserk.
  4740 | D:5      | 4740 ||| Stepping ~*~*~tactically~*~*~ (stealth).
  4748 | D:5      | 4748 ||| Stepping ~*~*~tactically~*~*~ (hiding).
  4749 | D:5      | 4749 ||| Stepping ~*~*~tactically~*~*~ (hiding).
  4750 | D:5      | 4750 ||| Stepping ~*~*~tactically~*~*~ (hiding).
  4751 | D:5      | 4751 ||| Stepping ~*~*~tactically~*~*~ (hiding).
  4761 | D:5      | Reached skill level 10 in Axes
  4803 | D:5      | Identified the +6 war axe "Aprisann" {vorpal, rC- rCorr
                  | Int+6}
  4805 | D:5      | 4805 ||| SWAPPING to +6 war axe "Aprisann" {vorpal, rC-
                  | rCorr Int+6}.
  4806 | D:5      | 4806 ||| DROPPING +0 hand axe.
  5011 | D:5      | Found a staircase to the Ecumenical Temple.
  5037 | D:5      | Reached skill level 1 in Throwing
  5065 | D:5      | 5065 ||| Stepping ~*~*~tactically~*~*~ (stealth).
  5316 | D:5      | 5316 ||| Stepping ~*~*~tactically~*~*~ (stealth).
  5323 | D:5      | Reached skill level 6 in Fighting
  5434 | D:5      | 5434 ||| UPGRADING to +0 buckler.
  5439 | D:5      | 5439 ||| UPGRADING to +0 chain mail.
  5449 | D:5      | 5449 ||| DROPPING +0 scale mail.
  5450 | D:5      | 5450 ||| UPGRADING to ring of see invisible.
  5451 | D:5      | 5451 ||| READING scroll labelled RAUSE KONY.
  5514 | D:6      | Reached XP level 8. HP: 58/70 MP: 7/7
  5593 | D:6      | 5593 ||| Stepping ~*~*~tactically~*~*~ (stealth).
  5604 | D:6      | Reached skill level 3 in Armour
  5654 | D:6      | 5654 ||| Stepping ~*~*~tactically~*~*~ (stealth).
  5658 | D:6      | Reached skill level 3 in Shields
  5708 | D:6      | 5708 ||| Stepping ~*~*~tactically~*~*~ (hiding).
  5730 | D:6      | 5730 ||| INVOKING Berserk.
  5907 | D:6      | 5907 ||| Stepping ~*~*~tactically~*~*~ (stealth).
  5924 | D:6      | 5924 ||| INVOKING Berserk.
  5929 | D:6      | Reached *** piety under Trog
  5930 | D:6      | Reached skill level 11 in Axes
  6104 | D:6      | You fall into a shaft and drop 2 floors!
  6109 | D:8      | 6109 ||| Stepping ~*~*~tactically~*~*~ (hiding).
  6260 | D:8      | Identified the +1 leather armour "Fatut" {rF- Int+7}
  6269 | D:8      | Noticed Maurice
  6275 | D:8      | 6275 ||| INVOKING Berserk.
  6282 | D:8      | Reached skill level 12 in Axes
  6283 | D:8      | Killed Maurice
  6284 | D:8      | Reached XP level 9. HP: 67/80 MP: 8/8
  6494 | D:8      | 6494 ||| INVOKING Berserk.
  6656 | D:8      | 6656 ||| READING scroll labelled BULIUS IJU WODOGG.
  6657 | D:8      | 6657 ||| READING scroll labelled NOEFU JYORCHE.
  6658 | D:8      | 6658 ||| READING 5 scrolls of teleportation.
  6700 | D:7      | 6700 ||| Stepping ~*~*~tactically~*~*~ (stealth).
  6701 | D:7      | 6701 ||| Stepping ~*~*~tactically~*~*~ (stealth).
  6715 | D:7      | Reached skill level 13 in Axes
  6719 | D:7      | HP: 18/76 [wight/+4 halberd of freezing (6)]
  6719 | D:7      | Mangled by a wight

Levels and vault maps discovered:
D:1:      minmay_arrival_shattered_statue, layout_basic,
          ebering_ecumenical_altar_box
D:2:      layout_loops_corners
D:3:      layout_basic, minmay_unequal
D:4:      minmay_inner_zag, layout_cave_pools, due_unseen_surprise,
          uniq_menkaure, uniq_blork_the_orc
D:5:      layout_cave_pods, minmay_temple_entry_gardened_gates, feat_on_display
D:6:      hangedman_cross_stitches, layout_loops_ring
D:7:      layout_cave_pools, ebering_ghost_disaster_area,
          chequers_serial_rivers_room_a, serial_bayou_pond_c,
          serial_bayou_pond_c, uniq_pikel
D:8:      layout_rooms, nicolae_overflow_crystal_walls, lair_entry_dummy,
          uniq_maurice

Skill      XL: |  1  2  3  4  5  6  7  8  9 |
---------------+----------------------------+-----
Axes           | 4 5 6 7 8 9 10 12 13 | 13.1
Fighting       | 4 6 7 |  7.7
Throwing       | 1 |  1.1
Shields        | 2 4 |  4.0
Armour         | 4 |  4.6
Dodging        | |  2.1

Action                   |  1- 3 |  4- 6 |  7- 9 || total
-------------------------+-------+-------+-------++-------
Melee: Hand axe          |    64 |    50 |    50 ||   164
       Headbutt          |    11 |     3 |    24 ||    38
       Punch             |     3 |       |       ||     3
       War axe           |       |       |   115 ||   115
Throw: Boomerang         |    51 |     9 |    48 ||   108
Invok: Berserk           |     1 |     4 |     6 ||    11
  Use: Scroll            |     4 |     2 |     6 ||    12
       Potion            |     1 |     2 |     3 ||     6
Armor: Scale mail        |    24 |    14 |    19 ||    57
       Chain mail        |       |       |    27 ||    27
Dodge: Dodged            |    26 |    22 |    51 ||    99
Block: Buckler           |       |       |    12 ||    12

Table legend:
 A = Non-vault XP
 B = Vault XP
 C = Vault XP percentage of total XP
 D = Non-vault monster count
 E = Vault monster count
 F = Vault count percentage of total count
                 A         B        C        D         E       F
            +---------+---------+-------+---------+---------+-------
      Total |    2697 |    1422 |  34.5 |     100 |      25 |  20.0
            +---------+---------+-------+---------+---------+-------
        D:1 |      22 |       0 |   0.0 |      14 |       0 |   0.0
        D:2 |      53 |       0 |   0.0 |      16 |       0 |   0.0
        D:3 |     140 |       7 |   4.8 |      11 |       4 |  26.7
        D:4 |     273 |     393 |  59.0 |      12 |       8 |  40.0
        D:5 |     442 |       0 |   0.0 |      20 |       0 |   0.0
        D:6 |     464 |     537 |  53.6 |      14 |      12 |  46.2
        D:7 |     275 |       0 |   0.0 |       3 |       0 |   0.0
        D:8 |    1028 |     485 |  32.1 |      10 |       1 |   9.1
            +---------+---------+-------+---------+---------+-------
